 Dungeon Crawl Stone Soup version 0.30-a0-1018-g25214051b3 (webtiles) character file.

Game seed: 17586441554065010254

702 Zeldest the Ruffian (level 7, -5/59 HPs)
             Began as a Troll Earth Elementalist on Apr 8, 2023.
             Was an Initiate of Cheibriados.
             Slain by an ice beast (12 damage)
             ... on level 6 of the Dungeon.
             The game lasted 00:07:31 (1140 turns).

Zeldest the Ruffian (Troll Earth Elementalist)      Turns: 1140, Time: 00:07:31

Health: -5/59      AC:  4    Str: 18    XL:     7   Next: 38%
Magic:  7/7        EV:  9    Int: 14    God:    Cheibriados [......]
Gold:   86         SH:  0    Dex: 11    Spells: 5/8 levels left

rFire   . . .      SeeInvis .      - Unarmed
rCold   . . .      Faith    .    (no shield)
rNeg    . . .      Spirit   .    a - +0 robe
rPois   .          Reflect  .    (helmet restricted)
rElec   .          Rampage  .    (no cloak)
rCorr   .                        (gloves unavailable)
Will    .....                    (boots unavailable)
Stlth   +                        (no amulet)
HPRegen 1.09/turn                (no ring)
MPRegen 0.10/turn                (no ring)

@: very slow
A: large, unfitting armour, claws 3, regeneration 1, shaggy fur 1, tough skin 1
a: Renounce Religion


You were on level 6 of the Dungeon.
You worshipped Cheibriados.
Cheibriados was noncommittal.
You visited 2 branches of the dungeon, and saw 7 of its levels.

You collected 86 gold pieces.

Inventory:

Hand Weapons
 l - a +1 hand axe of flaming
Armour
 a - a +0 robe (worn)
Scrolls
 c - 2 scrolls of teleportation
 d - 2 scrolls of identify {unknown}
 f - a scroll of enchant armour {unknown}
 g - a scroll of summoning {unknown}
 h - 2 scrolls of magic mapping {unknown}
 i - a scroll of vulnerability {unknown}
 k - a scroll of poison {unknown}
Potions
 b - a potion of magic
 e - a potion of resistance {unknown}
 j - a potion of mutation {unknown}


   Skills:
 - Level 1.5 Dodging
 - Level 1.0 Stealth
 + Level 5.2 Unarmed Combat
 - Level 1.2 Spellcasting
 + Level 4.1 Transmutations
 + Level 3.1 Earth Magic
 + Level 1.3 Invocations


You had 5 spell levels left.
You knew the following spells:

 Your Spells              Type           Power      Damage    Failure   Level
a - Passwall              Tmut/Erth      9%         N/A       9%          2
b - Sandblast             Erth           18%        2d7       7%          1

Your spell library contained the following spells:

 Spells                   Type           Power      Damage    Failure   Level
 Stone Arrow              Conj/Erth      10%        3d7       38%         3
 Petrify                  Tmut/Erth      11%        N/A       50%         4


Dungeon Overview and Level Annotations

Branches:
Dungeon (6/15) Zot: 40321  Temple (1/1) D:5 Zot: 8977

Altars:
Cheibriados
Dithmenos
Fedhas
Qazlal
Uskayaw
Wu Jian
Xom
Yredelemnul
Zin

Annotations:
D:4 Grinder


Innate Abilities, Weirdness & Mutations

You are too large for most types of armour.
You have claws for hands.
Your natural rate of healing is unusually fast.
You are covered in fur. (AC +1)
You have tough skin. (AC +1)


Message History

You feel sick. The adder bites you.
You claw the adder!
You kill the adder!
Cheibriados appreciates the change of pace.
You feel sick.
You closely miss the ice beast.
You feel sick. The ice beast barely misses you.
You scratch the ice beast but do no damage.
You closely miss the ice beast.
You feel sick. The ice beast closely misses you.
You scratch the ice beast.
The ice beast is lightly wounded.
The ice beast barely misses you.
You scratch the ice beast but do no damage.
The ice beast is lightly wounded.
You feel sick. The ice beast barely misses you.
You scratch the ice beast.
The ice beast is moderately wounded.
You feel sick.
The ice beast hits you but does no damage.
You aren't carrying any items that you can evoke.
Unknown command.
You barely miss the ice beast.
The ice beast is moderately wounded.
The ice beast hits you. The ice beast freezes you!
* * * LOW HITPOINT WARNING * * *
You scratch the ice beast.
The ice beast is heavily wounded.
You feel sick.
The ice beast hits you but does no damage.
You scratch the ice beast.
The ice beast is heavily wounded.
The ice beast closely misses you.
You scratch the ice beast.
The ice beast is severely wounded.
You feel sick.
You are no longer poisoned.
The ice beast hits you.
* * * LOW HITPOINT WARNING * * *
The ice beast freezes you!
You die...

..[.# #.... ##....
#.... .. #...# ..#
#...#....
#######....#
###..##.#†..##
#....@#......#
####'####Y......#
#.......#.....#..#
#.⌠...⌠.#.....#....
#.......#...###
.#.. +...†...+....
# . #.......##....
#.⌠...⌠.###....
#.......# .....


You could see an ice beast.

Vanquished Creatures
  2 sky beasts
  Pargi (D:4)
  A phantom (D:5)
  A scorpion (D:5)
  4 hounds
  A jelly (D:6)
  A sleepcap (D:5)
  Natasha (D:4)
  5 adders
  An ufetubus (D:4)
  3 dart slugs
  3 orcs
  A giant cockroach (D:4)
  3 goblins
  3 hobgoblins
  3 quokkas (D:2)
  2 ball pythons
  2 bats
  A frilled lizard (D:1)
  5 kobolds
  A rat (D:3)
45 creatures vanquished.

Vanquished Creatures (others)
  An orc (D:5)
  3 plants (D:3)
4 creatures vanquished.

Grand Total: 49 creatures vanquished

Notes
Turn   | Place    | Note
-------+----------+-------------------------------------------
     0 | D:1      | Zeldest the Troll Earth Elementalist began the quest for
                  | the Orb.
     0 | D:1      | Reached XP level 1. HP: 16/16 MP: 1/1
    56 | D:2      | Reached skill level 1 in Transmutations
   101 | D:2      | Reached skill level 1 in Unarmed Combat
   104 | D:2      | Reached XP level 2. HP: 24/24 MP: 2/2
   153 | D:3      | Found a blossoming altar of Fedhas.
   172 | D:3      | Noticed a phantom
   350 | D:4      | Noticed Grinder
   391 | D:4      | Reached XP level 3. HP: 30/31 MP: 3/3
   458 | D:5      | Entered Level 5 of the Dungeon
   478 | D:4      | Noticed Natasha
   483 | D:4      | Killed Natasha
   484 | D:4      | Reached skill level 2 in Unarmed Combat
   501 | D:4      | Noticed Pargi
   514 | D:4      | Killed Pargi
   515 | D:4      | Reached skill level 3 in Unarmed Combat
   515 | D:4      | Reached XP level 4. HP: 32/39 MP: 4/4
   515 | D:4      | Reached XP level 5. HP: 37/45 MP: 5/5
   600 | D:5      | Reached skill level 4 in Unarmed Combat
   600 | D:5      | Reached XP level 6. HP: 46/53 MP: 6/6
   650 | D:5      | Found a shimmering altar of Xom.
   650 | D:5      | Found a staircase to the Ecumenical Temple.
   650 | D:5      | Noticed a water moccasin
   754 | D:5      | Noticed a sky beast
   780 | D:5      | Killed a sky beast
   841 | D:5      | Identified the +8 trident "Transmigrator" {venom, rN+ Int-4
                  | Dex+2}
   909 | Temple   | Entered the Ecumenical Temple
   917 | Temple   | Became a worshipper of Cheibriados the Contemplative
   990 | D:6      | Reached skill level 5 in Unarmed Combat
   990 | D:6      | Reached XP level 7. HP: 55/59 MP: 7/7
   993 | D:6      | Learned a level 2 spell: Passwall
  1037 | D:6      | Reached skill level 1 in Invocations
  1140 | D:6      | Slain by an ice beast

Illustrated notes

Levels and vault maps discovered:
D:1:      tarquinn_simple_flora_water_c, layout_basic
D:2:      layout_basic
D:3:      layout_loops_ring, nicolae_hepliaklqana_monster_ancestors,
          fedhas_altar_1, chequers_serial_rivers_micro_d
D:4:      layout_basic, cheibrodos_gnoll_hut, uniq_pargi, uniq_grinder,
          uniq_natasha
D:5:      layout_basic, xom_confusion_cloud, minmay_temple_entry_stoned_glass
D:6:      layout_cave_pools, mainiacjoe_overflow_boulevard, minmay_fountain_box,
          nicolae_inconvenience_store, uniq_edmund
Temple:   nicolae_temple_bog_church

Skill      XL: |  1  2  3  4  5  6  7 |
---------------+----------------------+-----
Transmutations | 1 2 3 4 |  4.1
Unarmed Combat | 1 3 4 5 |  5.2
Earth Magic    | 3 |  3.1
Invocations    | 1 |  1.3
Dodging        | |  1.5
Stealth        | |  1.0
Spellcasting   | |  1.2

Action                     |  1- 3 |  4- 6 |  7- 9 || total
---------------------------+-------+-------+-------++-------
  Melee: Unarmed           |    92 |    75 |    52 ||   219
         Punch             |     1 |     1 |     2 ||     4
    Use: Scroll            |     1 |       |       ||     1
         Potion            |     2 |       |       ||     2
   Stab: Sleeping          |     1 |     1 |       ||     2
 Armour: Robe              |    30 |    23 |    14 ||    67
  Dodge: Dodged            |    30 |    27 |    27 ||    84

Table legend: (Time is in decaauts)
 A = Elapsed time spent in this place.
 B = Non-inter-level travel time spent in this place.
 C = Inter-level travel time spent in this place.
 D = Time resting spent in this place.
 E = Time spent auto-exploring this place.
 F = Levels seen in this place.
 G = Mean time per level.
                   A        B        C        D        E       F      G
               +--------+--------+--------+--------+--------+-----+--------+
         Total |   1149 |   1149 |      0 |      0 |      0 |   7 |  164.1 |
       Dungeon |   1131 |   1131 |      0 |      0 |      0 |   6 |  188.5 |
        Temple |     18 |     18 |      0 |      0 |      0 |   1 |   18.0 |
               +--------+--------+--------+--------+--------+-----+--------+

Top non-repeatable levels by time:
     D:5: 455 daAuts
     D:2: 192 daAuts
     D:6: 179 daAuts
     D:4: 164 daAuts
     D:3: 86 daAuts
     D:1: 51 daAuts
  Temple: 18 daAuts
